AoeStats
← gonzolos

Arena

509555943Analyzed
3v3 RM · 7d ago on Sep 27, 2026· 79m 42s· 6 players
Game mode
Random Map
Map size
Normal (6 player)
Population
200
Speed
Normal
Resources
Standard
Victory
Conquest
Starting age
Dark Age
Ending age
Imperial Age
RankedLock teamsTeams togetherTeam positionsShared explorationLock speedFull tech treeHidden civsTurbo modeCheats
Victory
Defeat
🇨🇴 Huns · Colombia
750
+17
🇨🇴 Bohemians · Colombia
745
+17
🇨🇴 Khmer · Colombia
745
+17
🇨🇳 Khitans · China
782
-19
🇲🇽 Italians · Mexico
753
-16
🇨🇳 Byzantines · China
749
-16
cinematkun
13:45 Feudal Age
15:16 Double-Bit Axe
15:17 Horse Collar
20:12 Castle Age
18:45 Gold Mining
18:53 Stone Mining
21:47 Bow Saw
21:42 Heavy Plow
27:44 Caravan
28:15 Coinage
30:21 Gold Shaft Mining
30:22 Stone Shaft Mining
31:19 Fortified Wall
31:12 Murder Holes
31:43 Tusk Swords
34:37 Scale Barding Armor
37:09 Imperial Age
37:44 Ballistics
37:50 Chain Barding Armor
38:25 Crop Rotation
38:28 Conscription
38:09 Double Crossbow
38:00 Heavy Scorpion
41:32 Banking
42:07 Chemistry
41:34 Elite Ballista Elephant
43:02 Plate Barding Armor
52:37 Forging
52:18 Fletching
52:28 Padded Archer Armor
52:29 Scale Mail Armor
61:55 Chain Mail Armor
61:55 Leather Archer Armor
61:36 Bodkin Arrow
62:17 Iron Casting
74:45 Masonry
74:41 Bracer
78:02 Ring Archer Armor
78:33 Blast Furnace
78:31 Heated Shot
79:17 Architecture
LePetitTeodoro
10:48 Feudal Age
17:16 Castle Age
15:49 Double-Bit Axe
17:45 Bloodlines
18:25 Husbandry
18:31 Gold Mining
19:01 Forging
19:23 Light Cavalry
27:05 Marauders
30:11 Loom
50:36 Imperial Age
50:43 Cavalier
53:59 Horse Collar
54:58 Wheelbarrow
54:06 Elite Tarkan
58:04 Bow Saw
58:39 Conscription
59:05 Scale Barding Armor
61:35 Hand Cart
62:03 Guilds
62:37 Gold Shaft Mining
63:24 Hussar
66:35 Iron Casting
72:50 Paladin
75:41 Town Watch
77:49 Chain Barding Armor
78:30 Blast Furnace
gonzolos
5:46 Loom
12:11 Feudal Age
14:43 Wheelbarrow
14:53 Double-Bit Axe
15:30 Horse Collar
21:29 Castle Age
22:09 Heavy Plow
22:56 Bow Saw
23:04 Hand Cart
23:51 Fervor
24:55 Chemistry
33:41 Pikeman
34:22 Squires
34:59 Masonry
35:03 Fortified Wall
47:17 Imperial Age
45:54 Caravan
48:30 Conscription
49:43 Two-Man Saw
49:00 Guilds
51:34 Scale Mail Armor
51:33 Halberdier
52:33 Wagenburg Tactics
57:19 Ballistics
57:26 Chain Mail Armor
57:15 Houfnice
57:57 Elite Hussite Wagon
61:53 Plate Mail Armor
61:51 Siege Engineers
72:51 Forging
72:29 Arson
72:59 Masonry
sinko peso
6:21 Loom
13:00 Feudal Age
14:19 Wheelbarrow
13:39 Double-Bit Axe
13:48 Gold Mining
14:09 Stone Mining
14:36 Horse Collar
15:51 Town Watch
16:04 Man-at-Arms
18:31 Scale Mail Armor
19:09 Forging
23:26 Scale Barding Armor
26:11 Castle Age
27:01 Husbandry
27:12 Bloodlines
27:25 Chain Barding Armor
27:51 Squires
28:32 Pikeman
28:42 Elite Skirmisher
31:27 Hand Cart
31:49 Stone Shaft Mining
34:49 Long Swordsman
36:19 Padded Archer Armor
36:10 Fletching
38:43 Iron Casting
40:35 Bow Saw
46:50 Imperial Age
47:16 Two-Handed Swordsman
47:44 Arson
49:16 Conscription
49:51 Hoardings
51:38 Blast Furnace
50:54 Chain Mail Armor
51:16 Plate Barding Armor
50:37 Bodkin Arrow
50:58 Leather Archer Armor
51:39 Elite Genoese Crossbowman
52:05 Champion
52:43 Cavalier
59:37 Heavy Plow
61:58 Chemistry
60:56 Murder Holes
60:47 Arrowslits
61:24 Ballistics
64:38 Pirotechnia
cold hand
10:19 Feudal Age
11:35 Double-Bit Axe
15:41 Castle Age
13:27 Domestication
16:42 Bow Saw
16:45 Pastoralism
19:09 Forging
19:00 Scale Mail Armor
19:05 Stone Mining
19:06 Gold Mining
22:07 Wheelbarrow
22:33 Iron Casting
22:04 Gambesons
23:39 Wheelbarrow
28:47 Chain Mail Armor
29:15 Loom
31:04 Stone Shaft Mining
31:53 Squires
31:41 Arson
33:56 Hand Cart
34:12 Town Watch
39:01 Imperial Age
40:06 Conscription
39:52 Lamellar Armor
40:32 Transhumance
41:11 Two-Man Saw
43:20 Plate Mail Armor
42:44 Fletching
42:45 Capped Ram
43:21 Elite Liao Dao
44:37 Husbandry
43:58 Heavy Camel Rider
44:55 Siege Ram
45:53 Caravan
46:32 Scale Barding Armor
46:24 Bodkin Arrow
51:05 Chain Barding Armor
51:19 Ordo Cavalry
60:48 Plate Barding Armor
66:33 Padded Archer Armor
66:33 Bracer
66:06 Elite Skirmisher
68:16 Leather Archer Armor
74:36 Treadmill Crane
75:06 Siege Engineers
75:13 Masonry
noob
11:43 Feudal Age
12:18 Horse Collar
12:32 Double-Bit Axe
14:32 Loom
17:42 Castle Age
18:45 Heavy Plow
25:19 Fletching
28:03 Murder Holes
30:03 Squires
29:23 Pikeman
32:38 Imperial Age
30:44 Wheelbarrow
30:08 Bodkin Arrow
31:02 Ballistics
31:07 Arson
31:58 Forging
32:58 Bow Saw
34:51 Thumb Ring
34:56 Padded Archer Armor
35:54 Hand Cart
36:52 Two-Man Saw
35:45 Gold Mining
38:56 Fortified Wall
38:28 Treadmill Crane
40:18 Gold Shaft Mining
39:35 Stone Mining
39:32 Elite Skirmisher
41:49 Conscription
41:50 Husbandry
41:11 Heavy Camel Rider
41:15 Capped Ram
42:03 Scale Barding Armor
42:34 Iron Casting
42:00 Scale Mail Armor
43:15 Chemistry
42:55 Halberdier
45:48 Bombard Tower
47:26 Hoardings
47:22 Bracer
47:43 Chain Barding Armor
49:39 Plate Barding Armor
51:22 Chain Mail Armor
58:48 Crop Rotation
58:22 Gambesons
61:56 Stone Shaft Mining
60:56 Elite Varangian Guard
61:13 Onager
Connection lost

Rejoining the realm…

Still unreachable

The connection could not be restored.

Session expired

The server has moved on; the page needs a fresh start.